AoeStats
← OhBoyitsDarran

Arabia

506229001Analyzed
1v1 RM · 18d ago on Sep 12, 2026· 52m 23s· 2 players
Game mode
Random Map
Map size
Tiny (2 player)
Population
200
Speed
Normal
Resources
Standard
Victory
Conquest
Starting age
Dark Age
Ending age
Imperial Age
RankedLock teamsTeams togetherTeam positionsShared explorationLock speedFull tech treeHidden civsTurbo modeCheats
Victory
Defeat
🇺🇸 Khmer · United States
881
+14
🇦🇷 Cumans · Argentina
845
-14
Leiner97
7:24 Loom
12:01 Feudal Age
12:24 Horse Collar
12:37 Double-Bit Axe
22:22 Man-at-Arms
23:15 Forging
23:06 Scale Mail Armor
30:35 Castle Age
29:50 Gold Mining
30:20 Scale Barding Armor
30:44 Stone Mining
31:31 Heavy Plow
31:44 Bow Saw
31:42 Squires
33:53 Bloodlines
39:12 Wheelbarrow
38:29 Elite Skirmisher
39:15 Thumb Ring
41:25 Steppe Husbandry
44:12 Fervor
44:07 Herbal Medicine
44:47 Hand Cart
48:08 Imperial Age
46:23 Ballistics
45:59 Murder Holes
46:51 Gold Shaft Mining
49:46 Conscription
48:47 Elite Kipchak
49:27 Fletching
49:38 Padded Archer Armor
OhBoyitsDarran
9:12 Feudal Age
7:29 Loom
12:05 Double-Bit Axe
12:02 Horse Collar
14:49 Bloodlines
21:18 Castle Age
22:30 Padded Archer Armor
23:48 Wheelbarrow
27:06 Crossbowman
28:51 Fletching
30:34 Bow Saw
30:26 Heavy Plow
33:21 Stone Mining
33:57 Ballistics
34:17 Bodkin Arrow
34:59 Hand Cart
34:59 Husbandry
38:44 Light Cavalry
43:42 Imperial Age
45:23 Chemistry
44:34 Scale Barding Armor
44:40 Forging
44:36 Scale Mail Armor
49:19 Chain Barding Armor
49:35 Iron Casting
50:08 Chain Mail Armor
51:32 Arbalester
Connection lost

Rejoining the realm…

Still unreachable

The connection could not be restored.

Session expired

The server has moved on; the page needs a fresh start.